Map: Acid Plant LE

Players

Gerald

  • Race: Protoss Protoss
  • Spawn Location: 11:00

Crow - Winner!

  • Race: Zerg Zerg
  • Spawn Location: 5:00

Event: WCS Valencia 2018

VOD

Have the link to the VOD?

Description

Time

  • Played on: July 12, 2018, 8 a.m.
  • Length: 31:01

All games in this series

Show
View Real Time Build Order
Export as new Build Order

Gerald Protoss 

Build Orders: 1 Gate Expand, Oracle Opening, Phoenix Opening, Archon Immortal, Carriers, Zealot Archon, Archon Drop 

Get SALT Encoding   

  12  0:00  Probe  
  13  0:12  Probe  
  14  0:19  Pylon  
  14  0:24  Probe  
  15  0:33  Probe  
  15  0:36  Assimilator  
  16  0:43  Probe  
  16  0:44  Gateway  
  17  0:54  Probe  
  18  1:06  Probe  
  19  1:18  Probe  
  20  1:26  Nexus  
  20  1:31  Probe  
  21  1:38  Cybernetics Core  
  21  1:44  Probe  
  22  1:50  Assimilator  
  22  1:54  Pylon  
  22  1:56  Probe  
  23  2:09  Adept  
  23  2:12  Probe  
  24  2:22  Stargate  
  26  2:24  Probe  
  26  2:27  Adept  
  27  2:36  Warp Gate  
  29  2:37  Probe  
  29  2:40  Probe  
  31  2:50  Probe  
  32  2:52  Probe  
  32  2:54  Oracle  
  33  3:02  Probe  
  33  3:04  Probe  
  38  3:14  Probe  
  38  3:15  Gateway  
  38  3:16  Probe  
  40  3:22  Phoenix  
  40  3:26  Probe  
  41  3:29  Probe  
  44  3:38  Probe  
  44  3:40  Robotics Facility  
  44  3:41  Probe  
  46  3:43  Assimilator  
  46  3:44  Assimilator  
  46  3:51  Pylon  
  46  3:54  Pylon  
  46  4:02  Twilight Council  
  46  4:09  Probe x2  
  48  4:14  Gateway  
  48  4:15  Gateway  
  48  4:16  Gateway  
  48  4:21  Probe x2  
  48  4:23  Gateway  
  50  4:24  Charge  
  50  4:26  Warp Prism  
  50  4:33  Probe  
  53  4:43  Probe  
  53  4:45  Probe  
  55  4:49  Templar Archives  
  55  4:54  Zealot  
  55  4:59  Probe  
  58  5:00  Probe  
  58  5:02  Pylon  
  58  5:03  Pylon  
  59  5:11  Probe  
  59  5:13  Probe  
  61  5:16  Pylon  
  61  5:23  Probe  
  61  5:24  Nexus  
  61  5:26  High Templar x3  
  68  5:29  High Templar  
  68  5:32  Probe  
  68  5:34  Archon x2  
  68  5:35  Probe  
  72  5:38  Zealot x2  
  76  5:44  Probe  
  76  5:47  Probe  
  78  5:52  Shield Battery  
  78  5:56  Probe  
  79  5:58  Zealot x2  
  79  5:59  Zealot  
  85  6:06  Forge, Probe  
  86  6:16  Probe  
  85  6:20  Robotics Facility  
  85  6:31  Probe, Assimilator  
  86  6:33  Pylon  
  86  6:36  Immortal, Probe  
  86  6:38  Assimilator  
  86  6:39  Probe  
  92  6:43  Probe  
  92  6:44  Zealot x4  
  101  6:48  Pylon  
  101  6:51  Probe x2  
  101  6:52  Protoss Ground Weapons Level 1  
  103  6:55  Psionic Storm  
  103  7:03  Probe  
  103  7:05  Probe  
  103  7:07  High Templar x2  
  103  7:08  High Templar  
  103  7:10  Probe  
  103  7:15  Immortal  
  108  7:16  Probe  
  108  7:17  Gateway  
  108  7:21  Gateway  
  109  7:25  Pylon  
  109  7:27  High Templar  
  109  7:28  Zealot  
  113  7:33  Archon x2  
  113  7:34  Zealot  
  109  7:41  Zealot x3  
  107  7:50  Zealot  
  107  7:51  Immortal  
  107  7:54  Immortal  
  107  7:57  High Templar  
  113  7:58  Probe  
  113  8:01  Shield Battery  
  113  8:03  Shield Battery  
  114  8:06  Probe  
  114  8:07  Probe  
  114  8:08  High Templar x2  
  114  8:09  Zealot x2  
  114  8:10  Probe  
  125  8:19  Gateway  
  125  8:22  Pylon  
  125  8:24  Pylon  
  125  8:27  Pylon  
  125  8:37  Immortal, Pylon  
  125  8:38  Nexus  
  125  8:39  Pylon  
  125  8:40  Immortal, Probe  
  126  8:41  Pylon  
  126  8:45  Pylon  
  125  8:50  Protoss Ground Weapons Level 2  
  125  8:52  High Templar x4  
  125  8:53  Probe  
  142  9:10  Immortal  
  142  9:11  Immortal  
  148  9:33  Photon Cannon, High Templar  
  148  9:35  Photon Cannon  
  148  9:37  Probe  
  147  9:39  Fleet Beacon  
  147  9:40  Immortal  
  147  9:42  Zealot  
  147  9:43  Zealot x5  
  159  9:49  Observer  
  160  10:03  Probe  
  161  10:10  Stargate x2  
  159  10:20  Probe  
  152  10:23  Probe  
  152  10:27  Pylon  
  149  10:29  Zealot x8  
  149  10:30  Probe  
  149  10:31  Photon Cannon, Observer  
  149  10:33  Assimilator  
  166  10:36  Photon Cannon  
  166  10:37  Photon Cannon  
  166  10:38  Assimilator, Pylon  
  163  10:53  Zealot, High Templar x2  
  163  10:54  Zealot x5  
  116  11:14  Stalker x2  
  116  11:15  Zealot x2, Stalker x2  
  116  11:16  Immortal x2  
  108  11:27  High Templar x2  
  112  11:40  Zealot x2  
  112  11:41  Zealot x4  
  124  11:50  Tempest x2  
  124  11:53  Immortal  
  122  11:58  High Templar x2  
  142  12:06  Archon  
  142  12:07  Immortal  
  144  12:22  Nexus  
  144  12:24  Zealot  
  144  12:25  Zealot x5  
  144  12:29  Immortal  
  148  12:41  Immortal  
  148  12:42  High Templar  
  148  12:43  High Templar  
  152  12:47  Tempest  
  162  13:04  Pylon  
  162  13:07  Tempest  
  162  13:17  Probe  
  162  13:19  Tempest  
  175  13:23  Warp Prism  
  177  13:29  Pylon  
  177  13:32  Assimilator  
  177  13:34  Tempest  
  177  13:36  Assimilator  
  177  13:40  Immortal  
  184  13:51  High Templar x2  
  184  13:52  Zealot x4  
  196  13:58  Tempest  
  194  14:04  Carrier  
  200  14:14  High Templar  
  186  14:29  Pylon  
  188  14:37  Nexus  
  188  14:38  Carrier  
  194  14:41  Carrier  
  198  14:55  Protoss Air Weapons Level 1  
  198  15:14  Photon Cannon  
  198  15:16  Photon Cannon  
  198  15:17  Photon Cannon  
  150  15:51  Zealot x8  
  150  15:56  Mothership  
  150  16:00  Observer x2  
  138  16:09  Carrier  
  142  16:12  Shield Battery, Carrier  
  142  16:13  Shield Battery  
  142  16:15  Zealot x2  
  142  16:17  Probe  
  146  16:20  High Templar  
  146  16:21  High Templar x4  
  156  16:29  Pylon  
  168  16:45  Assimilator  
  168  16:49  Assimilator  
  168  16:51  Zealot x3  
  174  16:56  High Templar x3  
  174  17:00  Protoss Air Weapons Level 2  
  172  17:36  Archon  
  158  17:38  Archon  
  158  17:39  Carrier x2  
  158  17:43  Zealot x8  
  183  18:03  Nexus  
  183  18:05  Pylon  
  181  18:13  High Templar x2  
  181  18:15  Nexus  
  173  18:33  Probe  
  174  18:41  Nexus  
  164  18:48  High Templar x2  
  166  18:58  Zealot x6  
  166  19:01  Photon Cannon  
  166  19:02  Probe  
  171  19:04  Nexus, Carrier  
  175  19:18  Photon Cannon  
  175  19:19  Shield Battery, Pylon  
  175  19:23  Zealot x4, Protoss Air Weapons Level 3  
  177  19:33  Assimilator  
  177  19:35  Assimilator  
  173  19:49  Zealot x4  
  173  19:50  Zealot x3, Carrier  
  183  20:14  Carrier  
  183  20:20  Zealot x8  
  183  20:50  High Templar x3  
  179  20:58  Carrier  
  179  20:59  Stalker, Archon  
  179  21:00  Stalker x4  
  187  21:07  Shield Battery  
  187  21:09  Shield Battery  
  187  21:10  Shield Battery  
  187  21:11  Photon Cannon  
  193  21:15  Photon Cannon x2  
  193  21:20  Mothership, Assimilator  
  193  21:21  Photon Cannon  
  193  21:23  Photon Cannon  
  193  21:24  Pylon  
  195  21:49  Photon Cannon  
  195  21:51  Photon Cannon  
  195  21:53  Photon Cannon  
  189  21:55  Shield Battery  
  189  21:58  Shield Battery  
  189  21:59  Protoss Shields Level 1, Pylon  
  189  22:00  Zealot  
  189  22:01  Zealot x3, Pylon  
  193  22:03  Protoss Air Armor Level 1  
  193  22:10  Dark Shrine  
  189  22:24  Carrier x2  
  186  22:47  High Templar  
  186  22:48  High Templar  
  183  23:05  Nexus  
  183  23:06  Pylon  
  183  23:10  High Templar  
  183  23:11  High Templar  
  163  23:31  Zealot x2  
  163  23:32  Zealot x4  
  175  23:38  Nexus  
  166  23:50  Oracle  
  168  24:06  Dark Templar  
  168  24:07  Dark Templar x2  
  174  24:11  Zealot x2  
  166  24:25  Dark Templar  
  166  24:31  Nexus  
  168  24:47  Assimilator  
  141  25:17  High Templar x2  
  143  25:45  Photon Cannon  
  137  26:00  High Templar x2  
  137  26:03  Zealot x3  
  146  26:20  Archon  
  144  26:30  High Templar  
  131  26:36  Zealot x5  
  131  26:37  Zealot x2  
  117  27:17  High Templar x2  
  98  27:58  High Templar  
  98  27:59  High Templar  
  98  28:04  Observer  
  103  28:22  Nexus  
  103  28:50  High Templar  
  105  29:19  Zealot  
  107  29:25  High Templar x2  
  107  29:30  Archon  
  111  29:32  Zealot  
  111  29:33  Zealot  
  115  29:39  Probe  
  110  30:11  High Templar x2  
  114  30:16  Archon  
Show
View Real Time Build Order
Export as new Build Order

Crow Zerg - Winner!

Build Orders: Hatch First, Lurkers 

Get SALT Encoding   

  12  0:00  Drone  
  13  0:12  Overlord  
  13  0:17  Drone  
  14  0:30  Drone x2  
  16  0:47  Hatchery  
  15  0:51  Drone  
  15  0:54  Drone  
  17  0:59  Drone  
  18  1:11  Extractor  
  18  1:15  Spawning Pool  
  16  1:18  Drone  
  16  1:21  Drone  
  18  1:29  Drone  
  19  1:39  Drone  
  20  1:49  Overlord  
  20  2:02  Queen x2  
  20  2:03  Zergling x2  
  20  2:04  Zergling x2  
  26  2:11  Drone x2  
  28  2:15  Metabolic Boost  
  28  2:21  Drone  
  29  2:23  Drone  
  30  2:42  Hatchery  
  29  2:46  Zergling x4  
  29  2:48  Overlord  
  31  2:55  Queen  
  33  2:58  Drone  
  33  3:01  Drone  
  35  3:06  Drone x2  
  35  3:08  Drone  
  38  3:13  Drone x2  
  38  3:15  Drone  
  38  3:19  Overlord  
  41  3:24  Drone  
  41  3:25  Drone  
  41  3:26  Drone  
  44  3:29  Spore Crawler  
  44  3:31  Drone  
  44  3:37  Queen  
  44  3:40  Drone x2  
  48  3:43  Overlord  
  48  3:50  Overlord  
  48  3:51  Drone x2  
  50  3:57  Drone  
  50  4:00  Lair  
  50  4:02  Drone  
  51  4:05  Extractor x2  
  51  4:06  Drone x2  
  51  4:12  Overlord  
  51  4:13  Drone x2  
  53  4:17  Queen  
  53  4:21  Drone x2  
  57  4:29  Drone x5  
  60  4:36  Roach Warren  
  60  4:37  Drone  
  60  4:48  Drone  
  60  4:49  Drone x7  
  60  4:52  Drone x2  
  70  4:54  Extractor, Drone  
  70  5:01  Overlord x2  
  69  5:09  Overlord  
  69  5:20  Roach  
  69  5:21  Roach x5  
  81  5:23  Overseer  
  81  5:25  Glial Reconstitution  
  81  5:28  Overlord  
  81  5:29  Roach x3, Evolution Chamber  
  81  5:31  Drone x2  
  81  5:32  Drone  
  89  5:41  Overseer  
  89  5:43  Overlord  
  89  5:44  Overlord  
  89  5:47  Overlord  
  89  5:49  Roach x3  
  97  5:50  Roach  
  97  5:52  Overlord x2  
  97  5:55  Zerg Missile Weapons Level 1  
  97  6:01  Overlord  
  97  6:06  Roach  
  97  6:07  Roach x2  
  103  6:16  Hatchery  
  103  6:18  Drone x10  
  112  6:23  Extractor  
  111  6:27  Extractor  
  111  6:28  Overlord  
  111  6:32  Hydralisk Den  
  109  6:36  Roach x6  
  109  6:37  Roach  
  123  6:45  Overlord  
  123  6:48  Overlord  
  123  6:49  Roach x4  
  131  7:04  Overlord  
  131  7:05  Muscular Augments, Hydralisk x3  
  138  7:13  Hydralisk x2  
  142  7:17  Overlord x3  
  142  7:18  Hydralisk, Hatchery  
  143  7:24  Hatchery  
  143  7:25  Hydralisk x2  
  146  7:30  Hydralisk  
  143  7:47  Hydralisk x4  
  143  7:50  Overlord x3  
  145  7:58  Hydralisk  
  145  7:59  Hydralisk x2  
  145  8:04  Extractor  
  148  8:05  Overlord  
  148  8:08  Extractor, Spore Crawler x2  
  148  8:10  Spore Crawler  
  144  8:17  Grooved Spines  
  144  8:21  Overlord x3  
  144  8:22  Zerg Missile Weapons Level 2  
  144  8:24  Spine Crawler  
  144  8:25  Spine Crawler, Drone x3  
  144  8:26  Spine Crawler x2, Drone  
  144  8:28  Drone  
  144  8:29  Drone  
  144  8:33  Drone  
  144  8:34  Drone  
  148  8:36  Drone  
  148  8:37  Drone  
  148  8:39  Drone  
  148  8:40  Drone  
  151  8:51  Drone x3  
  151  8:52  Lurker Den, Drone x4  
  157  9:02  Hydralisk x4  
  165  9:12  Overlord  
  165  9:14  Hydralisk x2  
  165  9:15  Hydralisk  
  171  9:24  Overlord  
  171  9:32  Infestation Pit, Drone  
  171  9:33  Drone  
  171  9:37  Spore Crawler  
  171  9:38  Pneumatized Carapace  
  171  9:49  Drone  
  171  9:50  Spine Crawler, Drone x4  
  171  9:51  Spine Crawler x3  
  171  9:52  Spine Crawler  
  169  10:03  Hydralisk x5  
  177  10:19  Hydralisk x2  
  177  10:20  Hydralisk x6  
  189  10:22  Burrow  
  189  10:23  Lurker  
  189  10:24  Lurker x8  
  189  10:25  Lurker  
  199  10:40  Hive  
  199  10:42  Hatchery  
  198  10:46  Spire  
  191  10:52  Hydralisk x4  
  166  11:05  Hydralisk x3  
  166  11:06  Hydralisk x4  
  156  11:21  Hydralisk x7  
  162  11:34  Hydralisk x3  
  162  11:38  Spine Crawler  
  162  11:39  Spine Crawler  
  164  11:40  Drone x4  
  168  11:55  Hydralisk x6  
  178  12:07  Corruptor, Greater Spire  
  178  12:08  Corruptor x2  
  178  12:13  Corruptor  
  178  12:15  Overseer x2  
  182  12:22  Corruptor x2  
  186  12:28  Corruptor  
  188  12:36  Corruptor x2  
  181  12:49  Extractor  
  181  12:50  Extractor  
  175  12:59  Spore Crawler  
  171  13:08  Adaptive Talons  
  171  13:19  Brood Lord x5  
  181  13:21  Brood Lord  
  181  13:25  Drone  
  181  13:26  Corruptor, Hatchery, Drone x2  
  187  13:31  Corruptor x2  
  191  13:35  Queen x2  
  191  13:36  Queen x2  
  199  13:51  Overlord  
  199  14:09  Spine Crawler  
  198  14:11  Spine Crawler, Zerg Flyer Armor Level 1  
  197  14:19  Corruptor  
  199  14:31  Pathogen Glands  
  199  14:32  Zerg Missile Weapons Level 3  
  199  14:42  Corruptor  
  199  14:43  Corruptor x2  
  199  15:07  Spine Crawler  
  199  15:09  Spine Crawler  
  197  15:20  Corruptor x3  
  199  15:27  Corruptor x2  
  149  15:51  Corruptor x9  
  145  15:59  Corruptor  
  145  16:00  Corruptor x7  
  133  16:16  Brood Lord x2  
  137  16:18  Brood Lord  
  137  16:19  Brood Lord x2  
  137  16:21  Drone x3  
  146  16:29  Brood Lord x2  
  146  16:30  Brood Lord x2  
  154  16:35  Corruptor x2  
  158  16:47  Overseer x3  
  158  16:52  Corruptor, Zerg Flyer Armor Level 2  
  158  16:53  Corruptor, Extractor  
  157  17:11  Spine Crawler x2  
  157  17:12  Corruptor x2  
  157  17:14  Spine Crawler, Drone  
  154  17:23  Drone x5  
  154  17:24  Drone  
  154  17:37  Corruptor x2  
  158  17:45  Corruptor x2  
  158  17:49  Hydralisk  
  164  17:56  Hydralisk x2  
  164  17:57  Hydralisk  
  170  18:03  Hydralisk x2  
  174  18:12  Hydralisk x3  
  171  18:24  Corruptor x2  
  163  18:43  Corruptor x4  
  157  19:05  Corruptor x4  
  165  19:23  Overseer x3  
  165  19:40  Hatchery, Brood Lord  
  165  19:41  Brood Lord  
  165  19:44  Brood Lord  
  170  19:53  Infestor  
  170  19:54  Infestor x5  
  170  19:56  Neural Parasite  
  178  20:05  Infestor x2  
  182  20:26  Corruptor x2  
  182  20:31  Overseer x2  
  169  21:03  Infestor  
  169  21:04  Infestor x3  
  169  21:11  Spine Crawler  
  170  21:12  Spine Crawler  
  170  21:17  Hydralisk  
  170  21:18  Hydralisk x10  
  171  21:20  Zergling x2  
  185  22:06  Infestor x3  
  191  22:11  Hatchery  
  191  22:15  Zergling x12  
  191  22:16  Zergling x4  
  198  22:29  Spine Crawler  
  197  22:30  Spine Crawler  
  196  22:39  Spore Crawler  
  195  22:54  Corruptor x2  
  199  23:04  Spine Crawler  
  196  23:12  Zergling x2  
  196  23:13  Zergling x8  
  196  23:16  Infestor  
  196  23:17  Infestor  
  195  23:30  Drone  
  195  23:31  Drone x4  
  200  23:35  Zerg Flyer Armor Level 3  
  200  23:41  Extractor  
  200  23:44  Extractor  
  194  23:59  Infestor  
  194  24:00  Infestor  
  190  24:22  Infestor  
  186  24:29  Overseer  
  186  24:34  Overseer  
  186  24:43  Overseer  
  186  24:52  Corruptor x3  
  176  25:09  Corruptor  
  176  25:13  Drone x7  
  176  25:14  Spine Crawler, Drone x7  
  189  25:27  Infestor  
  191  25:31  Infestor  
  187  26:01  Infestor  
  189  26:10  Infestor  
  189  26:11  Overlord x2  
  191  26:25  Overlord x3  
  191  26:29  Queen  
  191  26:41  Infestor x2  
  195  26:49  Infestor  
  195  26:53  Hatchery  
  196  26:56  Spine Crawler  
  191  27:14  Infestor  
  191  27:24  Infestor  
  185  27:40  Hatchery  
  185  27:41  Zergling x12  
  187  27:52  Infestor  
  187  27:58  Zergling x6  
  190  28:04  Spore Crawler  
  189  28:05  Spore Crawler  
  189  28:06  Spore Crawler  
  189  28:07  Spore Crawler  
  189  28:11  Spore Crawler  
  189  28:12  Spore Crawler, Drone  
  185  28:13  Spore Crawler  
  185  28:14  Spore Crawler x2  
  185  28:17  Spore Crawler  
  185  28:19  Infestor  
  183  28:44  Extractor  
  183  28:45  Extractor  
  181  29:00  Drone x3  
  181  29:01  Spore Crawler, Drone x3  
  186  29:09  Spore Crawler  
  185  29:10  Spore Crawler  
  182  29:21  Drone  
  182  29:22  Drone  
  184  29:27  Spine Crawler  
  184  29:29  Hatchery, Spore Crawler  
  184  29:30  Infestor  
  182  29:44  Infestor x2  
  185  29:49  Spine Crawler  
  184  30:12  Infestor  
  184  30:13  Infestor  
Tags
 
Add a new tag
Caveats
  • Supply blocks, unpowered buildings, or Contaminate may cause inaccurate times.
  • Supply counts are checked every 10 seconds.